 Dungeon Crawl Stone Soup version 0.19.5 (webtiles) character file.

12836 Dickchan the Unseen (level 11, -15/102 HPs)
             Began as a Vampire Enchanter on May 6, 2017.
             Was an Elder of Dithmenos.
             Killed from afar by a gargoyle (26 damage)
             ... with a stone arrow
             ... on level 10 of the Dungeon.
             The game lasted 00:28:39 (11560 turns).

Dickchan the Unseen (Vampire Enchanter)            Turns: 11560, Time: 00:28:39

Health: -15/102    AC:  8    Str: 19    XL:     11   Next: 67%
Magic:  14/23      EV: 12    Int: 21    God:    Dithmenos [****..]
Gold:   696        SH:  0    Dex: 13    Spells: 4 memorised, 5 levels left

rFire  . . .     SeeInvis +     l - +2 dagger (elec)
rCold  . . .     Gourm    .     M - +2 robe of the Ditch-Digger {rElec rPois Str+7 Dex-2}
rNeg   + . .     Faith    .     (no shield)
rPois  +         Spirit   .     z - +0 helmet
rElec  +         Reflect  .     G - +2 cloak {MR+}
rCorr  .         Harm     .     (no gloves)
MR     +++..                    (no boots)
Stlth  ..........               N - amulet of magic regeneration
                                h - ring of protection from magic
                                i - ring of magical power

@: berserking, wreathed by umbra, very quick
A: fangs 3, see invisible, unbreathing
a: Bat Form, Shadow Step, Renounce Religion


You were on level 10 of the Dungeon.
You worshipped Dithmenos.
Dithmenos was greatly pleased with you.
You were not thirsty.

You visited 2 branches of the dungeon, and saw 11 of its levels.
You also visited: Sewer.

You collected 696 gold pieces.

Inventory:

Hand Weapons
 l - a +2 dagger of electrocution (weapon)
 x - a +1 vampiric dagger
 F - a +0 dagger of venom
Armour
 b - a +1 robe
 v - a +1 cloak
 z - a +0 helmet (worn)
 G - a +2 cloak of magic resistance (worn)
 M - the +2 robe of the Ditch-Digger (worn) {rElec rPois Str+7 Dex-2}
   (You took it off an orc on level 9 of the Dungeon)

   It affects your strength (+7).
   It affects your dexterity (-2).
   It insulates you from electricity.
   It protects you from poison.
Jewellery
 g - an uncursed ring of ice
 h - a ring of protection from magic (right hand)
 i - a ring of magical power (left hand)
 u - an uncursed amulet of the gourmand
 N - an amulet of magic regeneration (around neck)
Wands
 m - a wand of lightning (1/15)
 E - a wand of disintegration (15/24)
Scrolls
 d - a scroll of immolation {unknown}
 j - 2 scrolls of noise {unknown}
 k - a scroll of summoning {unknown}
 n - 2 scrolls of fog {unknown}
 p - a scroll of recharging {unknown}
 q - a scroll of fear {unknown}
 r - 6 scrolls of identify {unknown}
 t - a scroll of magic mapping {unknown}
 w - 4 scrolls of remove curse {unknown}
 y - 2 scrolls of enchant weapon {unknown}
 A - 2 scrolls of enchant armour {unknown}
 B - a scroll of torment {unknown}
 C - a scroll of amnesia {unknown}
 D - 5 scrolls of teleportation {unknown}
 H - 2 scrolls of blinking
 O - a scroll of acquirement {unknown}
Potions
 a - 3 potions of heal wounds {unknown}
 e - 2 potions of curing
 f - a potion of agility
 o - a potion of berserk rage
 I - a potion of beneficial mutation {unknown}
 J - a potion of cancellation {unknown}
 L - a potion of mutation {unknown}
Books
 c - a book of Maledictions

   Spells                             Type                      Level
   a - Corona                         Hexes                        1
   b - Ensorcelled Hibernation        Hexes/Ice                    2
   c - Confuse                        Hexes                        3
   d - Tukima's Dance                 Hexes                        3
   e - Dazzling Spray                 Conjuration/Hexes            3
 s - a book of Conjurations

   Spells                             Type                      Level
   a - Magic Dart                     Conjuration                  1
   b - Searing Ray                    Conjuration                  2
   c - Dazzling Spray                 Conjuration/Hexes            3
   d - Fulminant Prism                Conjuration/Hexes            4
   e - Iskenderun's Mystic Blast      Conjuration                  4
   f - Iskenderun's Battlesphere      Conjuration/Charms           5
 K - a book of Battle

   Spells                             Type                      Level
   a - Infusion                       Charms                       1
   b - Shroud of Golubria             Charms/Translocation         2
   c - Song of Slaying                Charms                       2
   d - Spectral Weapon                Hexes/Charms                 3
   e - Regeneration                   Charms/Necromancy            3


   Skills:
 - Level 12.1 Short Blades
 - Level 2.1 Dodging
 + Level 16.1 Stealth
 - Level 2.0 Spellcasting
 + Level 14.9 Hexes


You had 5 spell levels left.
You knew the following spells:

 Your Spells              Type           Power        Failure   Level  Hunger
a - Ensorcelled Hibernat  Hex/Ice        ####..       1%          2    ##.....
b - Corona                Hex            ######.      1%          1    #......
c - Dazzling Spray        Conj/Hex       ####..       2%          3    ###....
d - Tukima's Dance        Hex            ######..     1%          3    ###....


Dungeon Overview and Level Annotations

Branches:
Dungeon (10/15)            Temple (1/1) D:7            Lair (0/6) D:9
    Orc (0/2) D:9

Altars:
Dithmenos
Elyvilon
Gozag
Makhleb
Okawaru
Qazlal
Trog
Uskayaw
Xom
Yredelemnul


Innate Abilities, Weirdness & Mutations

You have razor-sharp teeth.
You have supernaturally acute eyesight. (SInv)
You can survive without breathing.


Message History

The gargoyle is moderately damaged.
The gargoyle hits you.
Your mace hits the gargoyle but does no damage.
You hit the gargoyle.
The gargoyle is moderately damaged.
You hit the gargoyle but do no damage.
The gargoyle is moderately damaged.
The gargoyle hits you!
* * * LOW HITPOINT WARNING * * *
A red film seems to cover your vision as you go berserk!
You feel yourself moving faster!
You feel mighty! The gargoyle closely misses you.
Your mace hits the gargoyle but does no damage.
You closely miss the gargoyle.
The gargoyle is moderately damaged.
You hit the gargoyle. Your bite misses the gargoyle.
The gargoyle is heavily damaged.
The gargoyle hurls a stone arrow at you.
The stone arrow hits you!
You die...

....... #...........#
.......#######...........##
.............'...........>#
.......#.#####...........##
# .......#.#
###...........# .........#
#...........### .........#
#...........#
.........###...........#
..>....?(9@............# ##
.........###...........# .#
.###.###.# #...........#
.## #.###.# #...........#
..# #.# #.....#
#...........# #.## #.#
#.....###...........# #..#
#.# #...................
##.# #.#
#.###.###.#.###########
#.###.# #(# #.#...#.#
#%.......


You could see a gargoyle and a friendly mace.

Vanquished Creatures
  A centaur warrior (D:9)
  An unseen horror (D:10)
  A hill giant (D:8)
  Pikel (D:5)
  A deep elf mage (D:9)
  An ugly thing (D:10)
  The ghost of Yuikono the Cutter, a novice KoBe of Trog (D:5)
  Maurice (D:8)
  A komodo dragon (shapeshifter) (D:9)
  A two-headed ogre (D:9)
  3 trolls
  A queen bee (D:9)
  2 hippogriffs
  A wyvern (D:8)
  Sigmund (D:6)
  10 yaks
  A shadow (D:8)
  A vampire mosquito (D:9)
  Edmund (D:5)
  2 sky beasts (D:9)
  2 ice beasts
  A phantom (D:9)
  A slave (D:5)
  Purgy (D:4)
  2 black bears
  2 orc warriors
  7 ogres
  2 centaurs
  A crocodile (Sewer)
  Blork the orc (D:6)
  A big kobold (D:10)
  6 bullfrogs
  A water moccasin zombie (D:7)
  5 scorpions
  24 killer bees (D:9)
  2 wights (D:8)
  3 crimson imps
  2 centaur zombies
  9 hounds
  8 orc priests
  2 jellies (D:8)
  6 orc wizards
  2 bullfrog skeletons
  A centaur skeleton (D:9)
  6 iguanas
  4 worker ants
  2 hound skeletons
  2 worker ant zombies
  6 gnolls
  10 adders
  2 oozes
  2 adder zombies
  3 worms
  3 dart slugs
  6 leopard geckos
  24 orcs
  A ball python (D:4)
  10 giant cockroaches
  7 goblins
  10 hobgoblins
  5 jackals
  5 quokkas
  8 bats
  5 frilled lizards
  11 kobolds
  A quokka skeleton (D:5)
  8 rats
266 creatures vanquished.

Vanquished Creatures (collateral kills)
  A wight (D:8)
1 creature vanquished.

Vanquished Creatures (others)
  An ogre (D:6)
  A crimson imp (D:6)
  A worker ant (D:6)
3 creatures vanquished.

Grand Total: 270 creatures vanquished

Notes
Turn   | Place    | Note
-------+----------+-------------------------------------------
     0 | D:1      | Dickchan the Vampire Enchanter began the quest for the Orb.
     0 | D:1      | Reached XP level 1. HP: 13/13 MP: 3/3
   343 | D:1      | Reached XP level 2. HP: 15/19 MP: 5/5
   667 | D:1      | Reached skill level 5 in Stealth
   743 | D:1      | Reached XP level 3. HP: 20/24 MP: 6/6
   905 | D:1      | Learned a level 2 spell: Ensorcelled Hibernation
  1915 | D:2      | Reached XP level 4. HP: 30/30 MP: 7/7
  1961 | D:2      | Reached skill level 5 in Hexes
  2706 | D:3      | Found a bloodstained altar of Trog.
  2706 | D:3      | Found a white marble altar of Elyvilon.
  2791 | D:3      | Noticed an air elemental
  2792 | D:3      | Found a stormy altar of Qazlal.
  2794 | D:3      | Noticed a water elemental
  2794 | D:3      | Noticed an earth elemental
  2794 | D:3      | Noticed a fire elemental
  2827 | D:3      | Reached skill level 6 in Stealth
  3363 | D:4      | Noticed Purgy
  3369 | D:4      | Killed Purgy
  3369 | D:4      | Reached XP level 5. HP: 35/35 MP: 8/8
  3404 | D:4      | Reached XP level 6. HP: 39/41 MP: 8/9
  3405 | D:4      | Reached skill level 5 in Short Blades
  3438 | D:4      | Found a glowing drain.
  3472 | Sewer    | Entered a sewer
  3528 | Sewer    | Reached skill level 7 in Stealth
  3533 | Sewer    | Learned a level 3 spell: Dazzling Spray
  3668 | D:4      | Learned a level 3 spell: Tukima's Dance
  4130 | D:5      | Entered Level 5 of the Dungeon
  4142 | D:5      | Reached XP level 7. HP: 46/46 MP: 10/10
  4285 | D:5      | Noticed Yuikono's ghost (novice KoBe)
  4342 | D:5      | Killed Yuikono's ghost
  4342 | D:5      | Reached skill level 8 in Stealth
  4342 | D:5      | Reached XP level 8. HP: 33/52 MP: 11/11
  4626 | D:5      | Reached skill level 9 in Stealth
  4788 | D:5      | Noticed Edmund
  4788 | D:5      | Noticed a hippogriff
  4793 | D:5      | Killed a hippogriff
  4801 | D:5      | Killed Edmund
  5012 | D:6      | Noticed Pikel
  5066 | D:5      | Killed Pikel
  5066 | D:5      | Reached skill level 10 in Stealth
  5066 | D:5      | Reached XP level 9. HP: 38/57 MP: 11/12
  5190 | D:6      | Noticed Blork the orc
  5336 | D:6      | Killed Blork the orc
  5497 | D:6      | Found an iron altar of Okawaru.
  5813 | D:6      | Noticed Sigmund
  5815 | D:6      | Killed Sigmund
  5847 | D:6      | Reached skill level 10 in Short Blades
  6032 | D:7      | Reached skill level 10 in Hexes
  6040 | D:7      | Reached skill level 11 in Stealth
  6495 | D:7      | Found a staircase to the Ecumenical Temple.
  6580 | Temple   | Entered the Ecumenical Temple
  6585 | Temple   | Became a worshipper of Dithmenos the Shadowed
  7144 | D:8      | Noticed a hill giant
  7176 | D:8      | Killed a hill giant
  7176 | D:8      | Reached skill level 12 in Stealth
  7176 | D:8      | Reached XP level 10. HP: 63/63 MP: 8/13
  7322 | D:8      | Reached * piety under Dithmenos
  7394 | D:8      | Found a basalt altar of Yredelemnul.
  7491 | D:8      | Noticed Maurice
  7505 | D:8      | Killed Maurice
  7850 | D:9      | Noticed a centaur warrior
  8273 | D:9      | Found a hide-covered altar of Uskayaw.
  8458 | D:9      | Reached skill level 13 in Stealth
  8472 | D:9      | Noticed a deep elf mage
  8489 | D:9      | Found a burning altar of Makhleb.
  8851 | D:9      | Killed a centaur warrior
  9151 | D:9      | Reached ** piety under Dithmenos
  9199 | D:9      | Found a burning altar of Makhleb.
  9251 | D:9      | Reached skill level 14 in Stealth
  9395 | D:9      | Reached XP level 11. HP: 68/68 MP: 14/14
  9498 | D:9      | Killed a deep elf mage
  9554 | D:9      | Found a staircase to the Lair.
  9778 | D:9      | Found a staircase to the Orcish Mines.
 10492 | D:10     | Entered Level 10 of the Dungeon
 10541 | D:10     | Noticed an unseen horror
 10586 | D:9      | Got a creamy pearl robe
 10597 | D:9      | Identified the +2 robe of the Ditch-Digger {rElec rPois Str+7 Dex-2} (You took it off an orc on level 9 of the Dungeon)
 10684 | D:9      | Reached *** piety under Dithmenos
 10817 | D:9      | Reached skill level 15 in Stealth
 11141 | D:10     | Noticed a red ugly thing
 11320 | D:10     | Killed a red ugly thing
 11499 | D:10     | Killed an unseen horror
 11499 | D:10     | Reached skill level 16 in Stealth
 11547 | D:10     | Reached **** piety under Dithmenos
 11560 | D:10     | Killed from afar by a gargoyle

Skill      XL: |  1  2  3  4  5  6  7  8  9 10 11 |
---------------+----------------------------------+-----
Short Blades   | 2 3 4 5 7 9 11 12 | 12.1
Stealth        | 5 6 7 8 10 12 14 16 | 16.1
Hexes          | 5 6 8 9 10 12 14 | 14.9
Dodging        | |  2.1
Spellcasting   | |  2.0

Action                   |  1- 3 |  4- 6 |  7- 9 | 10-12 || total
-------------------------+-------+-------+-------+-------++-------
Melee: Dagger            |   162 |   101 |   167 |   300 ||   730
       Bite              |    10 |     4 |     9 |    14 ||    37
 Cast: Corona            |     6 |       |       |       ||     6
       Ensorcelled Hiber |     5 |    12 |    47 |    85 ||   149
       Dazzling Spray    |       |       |       |     5 ||     5
       Tukima's Dance    |       |       |       |     2 ||     2
 Abil: End Transformatio |     1 |     1 |     1 |     4 ||     7
       Bat Form          |     1 |     1 |     1 |     4 ||     7
Evoke: Wand              |       |       |     2 |       ||     2
  Use: Potion            |       |       |    10 |     3 ||    13
       Scroll            |       |       |     1 |       ||     1
 Stab: Sleeping          |    12 |    17 |    38 |    64 ||   131
       Distracted        |     1 |       |       |     5 ||     6
       Invisible         |       |       |       |     1 ||     1
  Eat: Corpse            |     5 |     4 |     9 |    12 ||    30
Armor: Robe              |    33 |    13 |    17 |    53 ||   116
Dodge: Dodged            |   115 |    44 |    52 |   180 ||   391
